 Dungeon Crawl Stone Soup version 0.30.0-29-ga12c61a403 (webtiles) character file.

Game seed: 667740227061794251

81 Graphine the Trooper (level 4, -3/36 HPs)
             Began as a Demonspawn Monk on June 21, 2023.
             Killed from afar by an orc wizard (5 damage)
             ... with a magic dart
             ... on level 3 of the Dungeon.
             The game lasted 00:02:19 (1752 turns).

Graphine the Trooper (Demonspawn Monk)              Turns: 1752, Time: 00:02:19

Health: -3/36      AC:  3    Str: 12    XL:     4   Next: 20%
Magic:  5/5        EV: 13    Int: 11    God:
Gold:   139        SH:  0    Dex: 17    Spells: 3/3 levels left

rFire   . . .        a - +0 falchion
rCold   . . .        d - orb {light}
rNeg    . . .        f - +0 leather armour
rPois   .            (no helmet)
rElec   .            (no cloak)
rCorr   .            (no gloves)
SInv    .            (no boots)
Will    .....        (no amulet)
Stlth   +            (no ring)
HPRegen 0.26/turn    (no ring)
MPRegen 0.09/turn

%: no passive effects
@: confused, glowing
A: hooves 1, powered by death 1, sturdy frame 1
a: no special abilities


You were on level 3 of the Dungeon.
You visited 1 branch of the dungeon, and saw 3 of its levels.

You collected 139 gold pieces.

Inventory:

Hand Weapons
 a - a +0 falchion (weapon)
Armour
 b - a +0 robe
 d - an orb of light (worn)
 f - a +0 leather armour (worn)
Potions
 c - 3 potions of ambrosia
 e - 3 potions of brilliance
 h - a potion of lignification {unknown}
 k - 2 potions of heal wounds {unknown}
 m - 2 potions of haste


   Skills:
 + Level 3.6 Fighting
 + Level 3.2 Long Blades
 + Level 3.2 Dodging
 + Level 2.3 Invocations


You had 3 spell levels left.
You didn't know any spells.
Your spell library contained the following spells:

 Spells                   Type           Power      Damage    Failure   Level
 Summon Small Mammal      Summ           0%         N/A       36%         1
 Scorch                   Fire           0%         2d5       50%         2
 Call Canine Familiar     Summ           0%         N/A       73%         3
 Summon Guardian Golem    Hex/Summ       0%         N/A       73%         3
 Flame Wave               Conj/Fire      0%         2d4       98%         4
 Summon Cactus Giant      Summ           0%         N/A       100%        6


Dungeon Overview and Level Annotations

Branches:
Dungeon (3/15)

Altars:

Shops:
D:1 :


Innate Abilities, Weirdness & Mutations

You have large cloven feet.
You regenerate a little health from kills.
Your movements are slightly less encumbered by armour. (ER -2)


Message History

You feel less confused.
The orc wizard hits you with a +0 dagger.
You hit the orc wizard.
The orc wizard is moderately wounded.
The orc wizard hits you with a +0 dagger.
You hit the orc. Your kick misses the orc.
The orc is heavily wounded.
The orc completely misses you.
You slash the orc!
You kill the orc!
You hit the worm.
The worm is lightly wounded.
The worm bites you!
You slash the worm! You kick the worm.
The worm is severely wounded.
You hit the worm. You kick the worm.
The worm is almost dead.
The worm bites you.
You hit the worm.
You kill the worm!
The orc wizard casts a spell at you. The puff of flame hits you!
* * * LOW HITPOINT WARNING * * *
You hit the orc.
The orc is heavily wounded.
You hit the orc wizard but do no damage.
Your kick misses the orc wizard.
The orc wizard is lightly wounded.
The orc wizard completely misses you.
You closely miss the orc wizard.
The orc wizard is lightly wounded.
The orc wizard points at you and mumbles some strange words.
You are confused.
You hit the orc wizard. Your kick misses the orc wizard.
The orc wizard is heavily wounded.
The orc wizard hits you with a +0 dagger.
* * * LOW HITPOINT WARNING * * *
The orc wizard gestures at you while chanting.
The magic dart hits you.
You die...

#...#
#####...####
...........#
.####....#...ooo
#....# #####
#.o..# ##)###
##o## #..@#
#...# #...#
#...# #...#
#$#.# #.#<#
..#.#


You could see an orc wizard (invisible) and an orc.

Vanquished Creatures
  4 adders
  2 worms
  2 dart slugs (D:2)
  2 orcs (D:3)
  5 endoplasms
  A giant cockroach (D:2)
  3 hobgoblins
  A quokka (D:2)
  4 ball pythons
  2 frilled lizards
  A goblin (D:2)
  5 kobolds
  3 rats (D:1)
35 creatures vanquished.

Notes
Turn   | Place    | Note
-------+----------+-------------------------------------------
     0 | D:1      | Graphine the Demonspawn Monk began the quest for the Orb.
     0 | D:1      | Reached XP level 1. HP: 18/18 MP: 1/1
   478 | D:1      | Found Guiph's Book Shop.
   505 | D:1      | Found a faded altar of an unknown god.
   915 | D:2      | Reached skill level 1 in Invocations
   932 | D:2      | Gained mutation: You have large cloven feet. [demonic
                  | ancestry]
   932 | D:2      | Reached XP level 2. HP: 3/24 MP: 2/2
  1137 | D:2      | Gained mutation: Your movements are slightly less
                  | encumbered by armour. (ER -2) [demonic ancestry]
  1137 | D:2      | Reached XP level 3. HP: 27/29 MP: 4/4
  1724 | D:3      | Gained mutation: You regenerate a little health from kills.
                  | [demonic ancestry]
  1724 | D:3      | Reached XP level 4. HP: 23/35 MP: 5/5
  1752 | D:3      | Killed from afar by an orc wizard

Illustrated notes

Levels and vault maps discovered:
D:1:      evilmike_arrival_rings, layout_basic,
          hellmonk_ecumenical_altar_heavens_door, serial_shops,
          nicolae_square_shop
D:2:      layout_rooms, interstate_on_off
D:3:      kennysheep_the_goblin_king, layout_basic,
          minmay_overflow_temple_star_hex, minmay_surrounded, uniq_terence

Skill      XL: |  1  2  3 |
---------------+----------+-----
Invocations    | 1 2 |  2.3
Dodging        | 3 |  3.2
Long Blades    | 3 |  3.2
Fighting       | |  3.6

Action                     |  1- 3 |  4- 6 || total
---------------------------+-------+-------++-------
  Melee: Falchion          |    68 |    17 ||    85
         Kick              |    14 |     4 ||    18
    Use: Scroll            |     7 |       ||     7
 Armour: Leather armour    |    14 |     4 ||    18
  Dodge: Dodged            |    39 |     7 ||    46
